[ AOE2 MATCH · #507082372 ]
UnrankedSpanish vs Tupi
Player's team · WIN
Rival team · LOSS
[ REPLAY ANALYSIS · EXTRACTED FROM THE RECORDED GAME ]
Feudal
12:12
Castle
29:19
Imperial
—
| APM avg | 39.4 |
| APM peak | 86 |
| eAPM avg | 22.7 |
| Villagers / military | 82 / 8 |
Focus
⚔️ 34.3% · 🌾 65.7%
Conquistador ×6 · Missionary ×2
Feudal
9:49
Castle
29:21
Imperial
—
| APM avg | 36.4 |
| APM peak | 67 |
| eAPM avg | 24.9 |
| Villagers / military | 72 / 0 |
Focus
⚔️ 44.6% · 🌾 55.4%
Unknown (2550) ×18
Match map
Initial resources + every placement click. Lines = walls · curves = elevation contours. ◆ gold · ⬟ stone · ● berries · ✦ relic · ◌ wall gap
Your base· Open — unwalled flank
gupo57's base· Open — unwalled flank
Smoothed initial terrain · ◌ = detected wall gap · hover for details
Inputs per minute
— JonSlow - - gupo57
Build order — JonSlow
First 150 of 184 actions detected
| 0:01 | Queue | Villager (Male) |
| 0:02 | Queue | Villager (Male) |
| 0:02 | Queue | Villager (Male) |
| 0:02 | Queue | Villager (Male) |
| 0:02 | Queue | Villager (Male) |
| 0:04 | Build | House |
| 0:06 | Build | House |
| 1:31 | Queue | Villager (Male) |
| 1:56 | Build | Lumber Camp |
| 1:58 | Queue | Villager (Male) |
| 1:59 | Queue | Villager (Male) |
| 2:10 | Queue | Villager (Male) |
| 2:46 | Queue | Villager (Male) |
| 2:46 | Queue | Villager (Male) |
| 3:00 | Build | House |
| 3:06 | Queue | Villager (Male) |
| 3:35 | Queue | Villager (Male) |
| 3:35 | Queue | Villager (Male) |
| 4:07 | Queue | Villager (Male) |
| 4:08 | Queue | Villager (Male) |
| 4:30 | Queue | Villager (Male) |
| 4:30 | Queue | Villager (Male) |
| 4:59 | Build | House |
| 5:02 | Build | Palisade Wall |
| 5:06 | Queue | Villager (Male) |
| 5:06 | Queue | Villager (Male) |
| 5:32 | Build | Mill |
| 5:36 | Queue | Villager (Male) |
| 5:36 | Queue | Villager (Male) |
| 6:02 | Queue | Villager (Male) |
| 6:02 | Queue | Villager (Male) |
| 6:02 | Queue | Villager (Male) |
| 6:03 | Queue | Villager (Male) |
| 6:14 | Research | Loom |
| 6:14 | Queue | Villager (Male) |
| 6:14 | Queue | Villager (Male) |
| 6:17 | Build | Palisade Wall |
| 6:48 | Queue | Villager (Male) |
| 6:52 | Build | Palisade Wall |
| 6:54 | Build | Palisade Wall |
| 7:06 | Queue | Villager (Male) |
| 7:32 | Build | Palisade Wall |
| 7:45 | Queue | Villager (Male) |
| 8:16 | Build | Farm |
| 8:25 | Build | House |
| 8:28 | Build | Mining Camp |
| 8:52 | Queue | Villager (Male) |
| 8:54 | Queue | Villager (Male) |
| 9:19 | Build | Farm |
| 9:31 | Research | Feudal Age |
| 9:44 | Build | Palisade Wall |
| 9:46 | Build | Palisade Wall |
| 9:48 | Build | Palisade Wall |
| 9:49 | Build | Palisade Wall |
| 10:17 | Build | Mining Camp |
| 10:19 | Build | Palisade Wall |
| 10:21 | Build | Palisade Wall |
| 10:34 | Queue | Villager (Male) |
| 10:34 | Queue | Villager (Male) |
| 10:52 | Build | House |
| 11:21 | Build | Palisade Wall |
| 11:42 | Build | Farm |
| 12:12 | Age | Feudal Age |
| 12:18 | Build | Blacksmith |
| 12:23 | Build | Watch Tower |
| 12:41 | Queue | Villager (Male) |
| 12:46 | Build | Watch Tower |
| 13:07 | Queue | Villager (Male) |
| 13:22 | Build | Palisade Wall |
| 13:27 | Build | Palisade Wall |
| 13:34 | Build | Palisade Wall |
| 13:43 | Queue | Villager (Male) |
| 13:43 | Queue | Villager (Male) |
| 14:00 | Build | Palisade Wall |
| 14:06 | Queue | Villager (Male) |
| 14:27 | Queue | Villager (Male) |
| 14:29 | Build | Palisade Wall |
| 14:35 | Queue | Villager (Male) |
| 14:38 | Queue | Villager (Male) |
| 14:41 | Build | Watch Tower |
| 14:42 | Queue | Villager (Male) |
| 14:45 | Build | Farm |
| 14:47 | Research | Fletching |
| 14:47 | Research | Fletching |
| 14:48 | Queue | Villager (Male) |
| 15:12 | Queue | Villager (Male) |
| 15:20 | Queue | Villager (Male) |
| 15:43 | Build | Farm |
| 16:22 | Build | Market |
| 16:33 | Queue | Villager (Male) |
| 17:16 | Build | Outpost |
| 17:26 | Build | Market |
| 18:14 | Queue | Villager (Male) |
| 18:43 | Build | Farm |
| 18:44 | Build | Farm |
| 18:45 | Build | Farm |
| 18:48 | Queue | Villager (Male) |
| 18:48 | Queue | Villager (Male) |
| 19:18 | Queue | Villager (Male) |
| 19:29 | Queue | Villager (Male) |
| 19:55 | Queue | Villager (Male) |
| 20:15 | Queue | Villager (Male) |
| 20:18 | Queue | Villager (Male) |
| 20:22 | Build | Watch Tower |
| 20:29 | Queue | Villager (Male) |
| 20:32 | Build | House |
| 20:49 | Queue | Villager (Male) |
| 21:16 | Build | Watch Tower |
| 21:23 | Build | Watch Tower |
| 21:31 | Build | Farm |
| 21:46 | Queue | Villager (Male) |
| 22:27 | Queue | Villager (Male) |
| 22:34 | Build | Mill |
| 22:35 | Queue | Villager (Male) |
| 22:41 | Queue | Villager (Male) |
| 22:43 | Build | House |
| 22:46 | Build | House |
| 22:47 | Build | House |
| 23:01 | Build | Outpost |
| 23:08 | Research | Town Watch |
| 23:09 | Queue | Villager (Male) |
| 23:15 | Build | Farm |
| 23:42 | Build | Watch Tower |
| 23:45 | Build | House |
| 23:55 | Queue | Villager (Male) |
| 24:30 | Build | Watch Tower |
| 24:32 | Queue | Villager (Male) |
| 24:43 | Build | House |
| 24:45 | Build | Stone Wall |
| 24:47 | Build | House |
| 25:16 | Queue | Villager (Male) |
| 25:19 | Queue | Villager (Male) |
| 25:21 | Build | Mining Camp |
| 25:55 | Queue | Villager (Male) |
| 26:08 | Queue | Villager (Male) |
| 26:13 | Build | Farm |
| 26:39 | Research | Castle Age |
| 26:40 | Research | Castle Age |
| 27:09 | Research | Double-Bit Axe |
| 27:50 | Research | Horse Collar |
| 27:51 | Research | Horse Collar |
| 27:56 | Build | Lumber Camp |
| 28:43 | Build | Farm |
| 28:48 | Queue | Villager (Male) |
| 29:19 | Age | Castle Age |
| 29:20 | Research | Bodkin Arrow |
| 29:21 | Research | Bodkin Arrow |
| 29:23 | Queue | Villager (Male) |
| 29:30 | Build | Outpost |
| 29:49 | Build | Castle |
Build order — gupo57
First 150 of 179 actions detected
| 0:01 | Queue | Villager (Male) |
| 0:01 | Queue | Villager (Male) |
| 0:04 | Build | House |
| 0:06 | Build | House |
| 0:16 | Queue | Villager (Male) |
| 0:16 | Queue | Villager (Male) |
| 0:17 | Queue | Villager (Male) |
| 1:18 | Queue | Villager (Male) |
| 1:37 | Queue | Villager (Male) |
| 1:55 | Build | House |
| 2:29 | Queue | Villager (Male) |
| 2:30 | Queue | Villager (Male) |
| 2:51 | Build | Palisade Wall |
| 2:56 | Build | House |
| 3:10 | Queue | Villager (Male) ×2 |
| 3:33 | Build | Settlement |
| 3:37 | Queue | Villager (Male) |
| 3:37 | Queue | Villager (Male) |
| 4:30 | Queue | Villager (Male) ×3 |
| 5:07 | Queue | Villager (Male) |
| 6:19 | Build | Barracks |
| 6:24 | Queue | Villager (Male) |
| 6:24 | Queue | Villager (Male) |
| 6:25 | Research | Loom |
| 6:28 | Build | House |
| 7:18 | Research | Feudal Age |
| 7:41 | Queue | Unit 2550 |
| 7:41 | Queue | Unit 2550 |
| 7:52 | Build | Settlement |
| 8:08 | Queue | Unit 2550 |
| 8:08 | Queue | Unit 2550 |
| 8:38 | Build | Palisade Wall |
| 8:39 | Build | Palisade Wall |
| 9:49 | Age | Feudal Age |
| 9:52 | Research | Tech 1402 |
| 9:56 | Queue | Villager (Male) |
| 9:56 | Queue | Villager (Male) |
| 10:00 | Research | Double-Bit Axe |
| 10:10 | Build | Watch Tower |
| 10:36 | Queue | Villager (Male) |
| 10:37 | Queue | Villager (Male) |
| 10:53 | Build | Stone Wall |
| 11:11 | Build | Watch Tower |
| 11:22 | Queue | Unit 2550 |
| 11:22 | Queue | Unit 2550 |
| 11:28 | Queue | Villager (Male) |
| 11:42 | Build | Palisade Wall |
| 11:44 | Build | Palisade Wall |
| 11:45 | Build | Palisade Wall |
| 12:00 | Queue | Villager (Male) |
| 12:00 | Queue | Villager (Male) |
| 12:20 | Build | Palisade Wall |
| 12:33 | Build | Palisade Wall |
| 12:39 | Build | Watch Tower |
| 12:45 | Build | Palisade Wall |
| 12:48 | Queue | Villager (Male) |
| 12:49 | Queue | Villager (Male) |
| 12:51 | Build | Stone Wall |
| 13:47 | Queue | Villager (Male) ×2 |
| 14:07 | Build | Stone Wall |
| 14:08 | Build | Stone Wall |
| 14:11 | Build | Stone Wall |
| 14:15 | Build | Stone Wall |
| 14:29 | Build | Watch Tower |
| 14:43 | Queue | Villager (Male) ×3 |
| 15:08 | Build | Stone Wall |
| 15:09 | Build | Stone Wall |
| 15:10 | Build | Stone Wall |
| 15:12 | Build | Stone Wall |
| 15:13 | Build | Stone Wall |
| 15:48 | Build | Stone Wall |
| 15:58 | Build | Watch Tower |
| 16:20 | Build | Stone Wall |
| 16:21 | Build | Stone Wall |
| 16:22 | Build | Stone Wall |
| 16:28 | Build | Stone Wall |
| 16:29 | Queue | Villager (Male) ×4 |
| 16:30 | Build | Stone Wall |
| 16:31 | Build | Stone Wall |
| 16:57 | Build | Farm |
| 16:57 | Build | Farm |
| 16:57 | Build | Farm |
| 16:57 | Build | Farm |
| 17:34 | Build | Palisade Wall |
| 17:44 | Build | Stone Wall |
| 17:51 | Build | Stone Wall |
| 18:09 | Queue | Villager (Male) |
| 18:09 | Queue | Villager (Male) |
| 18:52 | Queue | Villager (Male) |
| 18:57 | Build | Stone Wall |
| 19:28 | Build | Stone Wall |
| 19:39 | Build | Watch Tower |
| 19:40 | Queue | Villager (Male) |
| 19:40 | Queue | Villager (Male) |
| 19:41 | Build | Farm |
| 19:42 | Build | Farm |
| 19:46 | Build | Farm |
| 20:05 | Build | Stone Wall |
| 20:22 | Build | Farm |
| 20:22 | Build | Farm |
| 20:22 | Build | Farm |
| 20:22 | Build | Farm |
| 20:43 | Queue | Villager (Male) |
| 20:43 | Queue | Villager (Male) |
| 20:45 | Build | Blacksmith |
| 20:47 | Build | Market |
| 20:49 | Build | Farm |
| 20:49 | Build | Farm |
| 20:49 | Build | Farm |
| 20:50 | Build | Farm |
| 21:11 | Build | Watch Tower |
| 21:29 | Build | Stone Wall |
| 21:30 | Build | Stone Wall |
| 21:31 | Queue | Villager (Male) ×2 |
| 21:37 | Build | Farm |
| 21:49 | Queue | Villager (Male) |
| 22:31 | Queue | Villager (Male) |
| 22:31 | Queue | Villager (Male) |
| 22:32 | Build | Farm |
| 22:35 | Build | Farm |
| 22:37 | Build | Farm |
| 23:04 | Queue | Villager (Male) |
| 23:04 | Queue | Villager (Male) |
| 23:06 | Build | House |
| 23:08 | Build | House |
| 23:46 | Queue | Villager (Male) |
| 23:47 | Build | Farm |
| 23:51 | Build | House |
| 23:53 | Build | House |
| 23:56 | Research | Town Watch |
| 24:00 | Build | Watch Tower |
| 24:08 | Build | Stone Wall |
| 24:08 | Build | Stone Wall |
| 24:09 | Build | Stone Wall |
| 24:13 | Build | Stone Wall |
| 24:43 | Build | Watch Tower |
| 24:59 | Queue | Villager (Male) |
| 25:00 | Queue | Villager (Male) |
| 25:01 | Build | Farm |
| 25:05 | Build | Farm |
| 25:06 | Build | Farm |
| 25:19 | Build | Watch Tower |
| 25:46 | Research | Fletching |
| 25:46 | Queue | Villager (Male) |
| 25:47 | Queue | Villager (Male) |
| 25:49 | Build | Farm |
| 26:09 | Build | Farm |
| 26:11 | Build | Farm |
| 26:12 | Build | Farm |
| 26:41 | Research | Castle Age |
Match timeline
| 2:51 | gupo57 · wall_segment Palisade Wall x1 |
| 5:02 | JonSlow · wall_segment Palisade Wall x6 |
| 6:17 | JonSlow · wall_segment Palisade Wall x12 |
| 6:19 | gupo57 · first_building Barracks |
| 6:52 | JonSlow · wall_segment Palisade Wall x3 |
| 6:54 | JonSlow · wall_segment Palisade Wall x7 |
| 7:32 | JonSlow · wall_segment Palisade Wall x3 |
| 8:38 | gupo57 · wall_segment Palisade Wall x1 |
| 8:39 | gupo57 · wall_segment Palisade Wall x1 |
| 9:44 | JonSlow · wall_segment Palisade Wall x1 |
| 9:46 | JonSlow · wall_segment Palisade Wall x1 |
| 9:48 | JonSlow · wall_segment Palisade Wall x1 |
| 9:49 | gupo57 · age_up feudal |
| 9:49 | JonSlow · wall_segment Palisade Wall x1 |
| 10:19 | JonSlow · wall_segment Palisade Wall x1 |
| 10:21 | JonSlow · wall_segment Palisade Wall x1 |
| 10:53 | gupo57 · wall_segment Stone Wall x1 |
| 11:21 | JonSlow · wall_segment Palisade Wall x1 |
| 11:42 | gupo57 · wall_segment Palisade Wall x2 |
| 11:44 | gupo57 · wall_segment Palisade Wall x2 |
| 11:45 | gupo57 · wall_segment Palisade Wall x2 |
| 12:12 | JonSlow · age_up feudal |
| 12:20 | gupo57 · wall_segment Palisade Wall x1 |
| 12:33 | gupo57 · wall_segment Palisade Wall x1 |
| 12:45 | gupo57 · wall_segment Palisade Wall x3 |
| 12:51 | gupo57 · wall_segment Stone Wall x1 |
| 13:22 | JonSlow · wall_segment Palisade Wall x1 |
| 13:27 | JonSlow · wall_segment Palisade Wall x1 |
| 13:34 | JonSlow · wall_segment Palisade Wall x1 |
| 14:00 | JonSlow · wall_segment Palisade Wall x1 |
| 14:07 | gupo57 · wall_segment Stone Wall x1 |
| 14:08 | gupo57 · wall_segment Stone Wall x1 |
| 14:11 | gupo57 · wall_segment Stone Wall x1 |
| 14:15 | gupo57 · wall_segment Stone Wall x1 |
| 14:29 | JonSlow · wall_segment Palisade Wall x1 |
| 15:08 | gupo57 · wall_segment Stone Wall x1 |
| 15:09 | gupo57 · wall_segment Stone Wall x1 |
| 15:10 | gupo57 · wall_segment Stone Wall x1 |
| 15:12 | gupo57 · wall_segment Stone Wall x1 |
| 15:13 | gupo57 · wall_segment Stone Wall x1 |
| 15:48 | gupo57 · wall_segment Stone Wall x2 |
| 16:20 | gupo57 · wall_segment Stone Wall x1 |
| 16:21 | gupo57 · wall_segment Stone Wall x1 |
| 16:22 | gupo57 · wall_segment Stone Wall x1 |
| 16:28 | gupo57 · wall_segment Stone Wall x1 |
| 16:30 | gupo57 · wall_segment Stone Wall x1 |
| 16:31 | gupo57 · wall_segment Stone Wall x1 |
| 17:34 | gupo57 · wall_segment Palisade Wall x1 |
| 17:44 | gupo57 · wall_segment Stone Wall x1 |
| 17:51 | gupo57 · wall_segment Stone Wall x1 |
| 18:47 | JonSlow · first_market_buy 100 food |
| 18:57 | gupo57 · wall_segment Stone Wall x1 |
| 19:28 | gupo57 · wall_segment Stone Wall x1 |
| 20:05 | gupo57 · wall_segment Stone Wall x1 |
| 21:29 | gupo57 · wall_segment Stone Wall x1 |
| 21:30 | gupo57 · wall_segment Stone Wall x1 |
| 24:08 | gupo57 · wall_segment Stone Wall x1 |
| 24:08 | gupo57 · wall_segment Stone Wall x1 |
| 24:09 | gupo57 · wall_segment Stone Wall x1 |
| 24:13 | gupo57 · wall_segment Stone Wall x1 |
| 24:45 | JonSlow · wall_segment Stone Wall x1 |
| 29:19 | JonSlow · age_up castle |
| 29:21 | gupo57 · age_up castle |
| 29:49 | JonSlow · first_building Castle |
| 30:28 | gupo57 · first_market_sell 100 food |
| 31:03 | JonSlow · first_building Monastery |
| 31:50 | gupo57 · first_market_buy 100 wood |
| 34:26 | gupo57 · resign |
[ AI ANALYSIS · 1 CREDIT ]
What really happened in this match?
Wolo.gg analyzes every decision: build order, eco, micro, common mistakes by bracket. Personalized analysis on WhatsApp or Discord in 30 seconds.
Civ guide
Spanish
Perfil
Jugador #208269